 Dungeon Crawl Stone Soup version 0.30.1-11-g7821555f0a (webtiles) character file.

Game seed: 7417481703642948354

3068 Okkudo the Severer (level 9, 0/74 (78) HPs)
             Began as a Hill Orc Monk on Dec 3, 2023.
             Was a Priest of Beogh.
             Slain by a killer bee (3 damage)
             ... on level 8 of the Dungeon.
             The game lasted 00:22:04 (6148 turns).

Okkudo the Severer (Hill Orc Monk)                  Turns: 6148, Time: 00:22:06

HP:   0/74 (78)     AC: 11    Str: 18    XL:     9   Next: 88%
MP:   9/9           EV:  9    Int: 10    God:    Beogh [***...]
Gold: 375           SH:  0    Dex: 13    Spells: 8/8 levels left

rFire   . . .        u - +4 war axe (flame)
rCold   . . .        d - orb {light}
rNeg    . . .        s - +0 chain mail
rPois   .            H - +0 helmet
rElec   .            (no cloak)
rCorr   .            L - +0 pair of gloves
SInv    .            C - +0 pair of boots
Will    +....        (no amulet) Stlth
                     t - ring of willpower
HPRegen 0.32/turn    y - +4 ring of slaying
MPRegen 0.11/turn

%: no passive effects
@: lethally poisoned (0 -> -5), about to teleport, glowing, drained
A: no striking features
a: Renounce Religion, Smiting


You were on level 8 of the Dungeon.
You worshipped Beogh.
Beogh was most pleased with you.
You visited 1 branch of the dungeon, and saw 8 of its levels.

You collected 420 gold pieces.
You spent 45 gold pieces at shops.

Inventory:

Hand Weapons
 a - the +1 short sword "Keacayrph" {freeze, rCorr}
   (You found it on level 3 of the Dungeon)

   rCorr:     It protects you from acid and corrosion.
 u - a +4 war axe of flaming (weapon)
 O - a +3 war axe of freezing
Missiles
 x - 3 javelins (quivered)
 D - 3 poisoned darts
Armour
 d - an orb of light (worn)
 s - a +0 chain mail (worn)
 C - a +0 pair of boots (worn)
 H - a +0 helmet (worn)
 L - a +0 pair of gloves (worn)
Jewellery
 r - a ring of wizardry
 t - a ring of willpower (left hand)
 y - a +4 ring of slaying (right hand)
 I - a ring of wizardry
Wands
 e - a wand of polymorph (5)
 z - a wand of charming (12)
 K - a wand of roots (4)
Scrolls
 b - a scroll of poison {unknown}
 g - 2 scrolls of enchant armour
 l - a scroll of brand weapon
 n - a scroll of teleportation
 o - 2 scrolls of amnesia
 v - a scroll of blinking
 w - a scroll of vulnerability
 A - a scroll of enchant weapon
 B - 2 scrolls of fear
 E - a scroll of magic mapping
 F - a scroll of summoning
 J - a scroll of immolation {unknown}
 M - a scroll of identify
Potions
 c - a potion of ambrosia
 f - 4 potions of curing
 h - 2 potions of attraction {unknown}
 i - 2 potions of flight {unknown}
 j - 3 potions of brilliance {unknown}
 k - 2 potions of lignification {unknown}
 m - 2 potions of invisibility {unknown}
 p - 4 potions of degeneration {unknown}
 q - 2 potions of cancellation {unknown}
 G - 2 potions of magic {unknown}
 N - a potion of heal wounds {unknown}


   Skills:
 - Level 6.5 Fighting
 * Level 15.5 Axes
 - Level 4.4 Dodging


You had 8 spell levels left.
You didn't know any spells.
Your spell library contained the following spells:

 Spells                   Type           Power      Damage    Failure   Level
 Apportation              Tloc           0%         N/A       99%         1
 Necrotise                Necr           0%         1d4       99%         1
 Summon Small Mammal      Summ           0%         N/A       99%         1
 Ensorcelled Hibernation  Hex/Ice        0%         N/A       99%         2
 Passwall                 Tmut/Erth      0%         N/A       99%         2
 Call Canine Familiar     Summ           0%         N/A       100%        3
 Summon Guardian Golem    Hex/Summ       0%         N/A       100%        3
 Swiftness                Air            0%         N/A       100%        3


Dungeon Overview and Level Annotations

Branches:
Dungeon (8/15)             Temple (0/1) D:7
   Lair: D:8-11

Altars:
Gozag
Makhleb
Nemelex Xobeh
Okawaru
Trog
Wu Jian
Yredelemnul
Zin

Shops:
D:4 *   D:8 ((


Message History

As you read the scroll of blinking, it crumbles to dust.
You feel sick. The killer bee misses your orc wizard.
You feel sick.
Your orc wizard completely misses the killer bee.
The killer bee stings your orc wizard!
There is a stone staircase leading down here.
You feel sick. The killer bee stings your orc wizard.
Your orc wizard completely misses the killer bee.
Your orc closely misses the killer bee.
The killer bee stings your orc wizard.
You feel sick.
The killer bee completely misses your orc wizard.
Your orc wizard casts a spell at the killer bee.
The killer bee appears confused.
Your orc hits the killer bee but does no damage.
The killer bee stings you.
* * * LOW HITPOINT WARNING * * *
The killer bee closely misses the killer bee.
The killer bee attacks as you move away!
The killer bee stings you but does no damage.
You feel sick.
Your orc wizard closely misses the killer bee.
Your orc closely misses the killer bee.
The killer bee stings you.
* * * LOW HITPOINT WARNING * * *
You are more poisoned.
The killer bee poisons you!
As you read the scroll of teleportation, it crumbles to dust.
You feel strangely unstable.
You feel sick.
The killer bee stings your orc wizard but does no damage.
The killer bee barely misses you.
Your orc wizard closely misses the killer bee.
The killer bee stings you but does no damage.
The killer bee stings itself.
The killer bee attacks as you move away!
The killer bee stings you!
* * * LOW HITPOINT WARNING * * *
x2 You feel sick.
Your orc wizard casts a spell.
Your orc wizard flickers and vanishes for a moment.
The killer bee stings you.
You die...

##.#.)....>#
##..........#
#..........##
#....#.....#
#..###.....#
#..#.#..#[)#
#..........#
#..........#
#.@y.......#
##yyy......##
#..........##
##..y.......#
#...>..##...#
#.....o##.##
##....o.###
#.......y#
#.......#.#


You could see 6 killer bees, a friendly orc wizard (invisible) and a friendly
orc.

Vanquished Creatures
  Erica (D:8)
  5 yaks (D:8)
  A steam dragon (D:6)
  2 water moccasins
  An orc warrior (D:7)
  A centaur (D:7)
  A bullfrog (D:7)
  2 gnoll sergeants
  2 scorpions (D:6)
  A wight (D:8)
  A howler monkey (D:6)
  3 hounds
  3 orc priests
  4 jellies
  A gnoll bouda (D:6)
  3 orc wizards
  2 sleepcaps
  Ijyb (D:3)
  3 iguanas
  9 adders
  13 gnolls
  A shadow imp (D:5)
  2 white imps
  4 worms
  3 dart slugs
  20 orcs
  5 ball pythons
  7 bats
  9 endoplasms
  7 giant cockroaches
  7 goblins
  3 hobgoblins
  5 jackals
  2 kobolds
  2 quokkas
  3 frilled lizards
  10 rats
150 creatures vanquished.

Vanquished Creatures (collateral kills)
  2 wights (D:8)
  A gnoll (D:8)
  2 orcs
  A goblin (D:7)
6 creatures vanquished.

Vanquished Creatures (others)
  3 orcs (D:8)
  A goblin (D:4)
  A kobold (D:4)
5 creatures vanquished.

Grand Total: 161 creatures vanquished

Notes
Turn   | Place    | Note
-------+----------+-------------------------------------------
     0 | D:1      | Okkudo the Hill Orc Monk began the quest for the Orb.
     0 | D:1      | Reached XP level 1. HP: 19/19 MP: 1/1
   231 | D:1      | Reached XP level 2. HP: 27/27 MP: 2/2
   802 | D:2      | Reached XP level 3. HP: 33/33 MP: 3/3
   959 | D:2      | Found a faded altar of an unknown god.
   967 | D:2      | Got Plato's Handbook of the Nightingale
  1250 | D:2      | Reached XP level 4. HP: 39/41 MP: 4/4
  1682 | D:3      | Reached skill level 5 in Axes
  1705 | D:3      | Found an opulent altar of Gozag.
  1898 | D:3      | Reached XP level 5. HP: 17/47 MP: 5/5
  2319 | D:3      | Reached skill level 5 in Fighting
  2347 | D:3      | Identified the +1 short sword "Keacayrph" {freeze, rCorr}
  2355 | D:3      | Noticed Ijyb
  2398 | D:3      | Killed Ijyb
  2718 | D:3      | Found a basalt altar of Yredelemnul.
  2718 | D:3      | Found a sparkling altar of Nemelex Xobeh.
  2724 | D:3      | Found an ornate altar of the Wu Jian Council.
  2726 | D:3      | Found a glowing silver altar of Zin.
  2727 | D:3      | Found an iron altar of Okawaru.
  2818 | D:4      | Became a worshipper of Beogh the Brigand
  2818 | D:4      | Reached * piety under Beogh
  2818 | D:4      | Reached ** piety under Beogh
  2821 | D:4      | Found Reomoi's General Store.
  3248 | D:4      | Bought a +0 pair of boots for 45 gold pieces
  3281 | D:5      | Entered Level 5 of the Dungeon
  3281 | D:5      | Noticed a water moccasin
  3285 | D:5      | Killed a water moccasin
  3286 | D:5      | Reached skill level 6 in Axes
  3286 | D:5      | Reached XP level 6. HP: 57/57 MP: 6/6
  3302 | D:5      | Found a burning altar of Makhleb.
  3468 | D:5      | Reached XP level 7. HP: 51/63 MP: 7/7
  3748 | D:5      | Reached skill level 7 in Axes
  4099 | D:6      | Reached skill level 8 in Axes
  4154 | D:6      | Reached XP level 8. HP: 61/71 MP: 8/8
  4248 | D:6      | Reached skill level 9 in Axes
  4251 | D:6      | Reached *** piety under Beogh
  4474 | D:6      | Reached skill level 10 in Axes
  4653 | D:6      | Noticed a moth of wrath
  4664 | D:6      | Found a bloodstained altar of Trog.
  5320 | D:7      | Reached skill level 11 in Axes
  5474 | D:7      | Found a flagged portal.
  5548 | D:7      | Found a staircase to the Ecumenical Temple.
  5638 | D:8      | Found Esigisk's Weapon Boutique.
  5651 | D:8      | Reached skill level 12 in Axes
  5660 | D:8      | Found Tograzeh's Antique Weapon Shoppe.
  5700 | D:8      | Noticed Erica
  5715 | D:8      | Killed Erica
  5716 | D:8      | Reached skill level 13 in Axes
  5716 | D:8      | Reached XP level 9. HP: 48/78 MP: 9/9
  5830 | D:8      | Reached skill level 14 in Axes
  5839 | D:8      | Reached skill level 15 in Axes
  6148 | D:8      | HP: 3/74 [poisoned by a killer bee]
  6148 | D:8      | Slain by a killer bee

Illustrated notes

Levels and vault maps discovered:
D:1:      dpeg_arrival_line_fractal, layout_loops_ring, minmay_tromino_mix6
D:2:      layout_basic, shapermc_ecumenical_altar_rom_forum, minivault_14
D:3:      layout_loops_ring, grunt_gozag_breadcrumbs,
          chequers_temple_overflow_minitemple, nicolae_elevator_lobby_asterisk,
          uniq_ijyb
D:4:      layout_cave_pools, serial_glass, glass_columns_c, glass_columns_c,
          serial_shops, shop
D:5:      layout_basic, makhleb_blood_cavern_becter
D:6:      layout_cave_pools, tgw_trog
D:7:      layout_basic, minmay_temple_entry_mini_moons, enter_bailey_5,
          skrybe_limestone_x, grunt_decor_resistance
D:8:      minmay_polygon_palace, layout_cave_pools,
          eat_drink_and_be_merry_uskayaw, serial_shops, shop,
          nicolae_shop_tiny_waterfront, nicolae_shop_rolled_up, shop, uniq_erica

Skill      XL: |  1  2  3  4  5  6  7  8  9 |
---------------+----------------------------+-----
Fighting       | 4 5 6 |  6.5
Dodging        | 3 4 |  4.4
Axes           | 5 6 8 13 15 | 15.5

Action                     |  1- 3 |  4- 6 |  7- 9 || total
---------------------------+-------+-------+-------++-------
  Melee: Hand axe          |   118 |    74 |       ||   192
         War axe           |       |    49 |   119 ||   168
  Throw: Javelin           |       |     1 |     8 ||     9
 Invoke: Convert to Beogh  |       |     1 |       ||     1
    Use: Scroll            |       |       |    13 ||    13
   Stab: Confused          |       |       |     2 ||     2
 Armour: Scale mail        |    49 |    23 |       ||    72
         Chain mail        |       |    28 |    55 ||    83
  Dodge: Dodged            |    69 |    55 |    32 ||   156
